 Dungeon Crawl Stone Soup version 0.18-a0-1778-gadce9fa (webtiles) character file.

16 feel the Digger (level 2, 0/15 HPs)
             Began as a Gargoyle Earth Elementalist on Apr 16, 2016.
             Slain by an adder (2 damage)
             ... on level 2 of the Dungeon.
             The game lasted 00:04:47 (1245 turns).

feel the Digger (Gargoyle Earth Elementalist)       Turns: 1245, Time: 00:04:48

Health: 0/15       AC:  4    Str: 11    XL:     2   Next: 54%
Magic:  1/5        EV: 12    Int: 15    God:
Gold:   69         SH:  0    Dex: 10    Spells: 1 memorised, 5 levels left

rFire  . . .     SeeInvis .     f - +0 whip
rCold  . . .     Gourm    .     a - +0 robe
rNeg   + . .     Faith    .     (no shield)
rPois  ∞         Spirit   .     (no helmet)
rElec  +         Dismiss  .     (no cloak)
rCorr  .         Reflect  .     (no gloves)
SustAt .         Harm     .     (no boots)
MR     .....                    (no amulet)
Stlth  ++........               (no ring)
                                (no ring)

@: not resistant to hostile enchantments, unstealthy
A: negative energy resistance 1, electricity resistance, unbreathing,
petrification resistance, rot immunity, AC +2
a: no special abilities


You were on level 2 of the Dungeon.
You were not hungry.

You visited 1 branch of the dungeon, and saw 2 of its levels.

You collected 69 gold pieces.

Inventory:

Hand Weapons
 f - a +0 whip (weapon)
Missiles
 b - 56 stones (quivered)
Armour
 a - a +0 robe (worn)
Jewellery
 e - an uncursed ring of protection from fire {unknown}
 g - a +4 ring of strength {unknown}
Scrolls
 h - a scroll of fog {unknown}
 j - a scroll of magic mapping {unknown}
 k - a scroll of recharging {unknown}
Books
 c - a book of Geomancy

   Spells                             Type                      Level
   a - Sandblast                      Earth                        1
   b - Passwall                       Transmutation/Earth          2
   c - Stone Arrow                    Conjuration/Earth            3
   d - Petrify                        Transmutation/Earth          4
   e - Lee's Rapid Deconstruction     Earth                        5
Comestibles
 d - a bread ration


   Skills:
 - Level 1.6 Dodging
 - Level 2.1 Stealth
 * Level 2.5 Spellcasting
   Level 0.7 Transmutations
 + Level 4.0 Earth Magic


You had 5 spell levels left.
You knew the following spells:

 Your Spells              Type           Power        Failure   Level  Hunger
a - Sandblast             Erth           ##....       4%          1    #......


Dungeon Overview and Level Annotations

Branches:
Dungeon (2/15)

Altars:


Innate Abilities, Weirdness & Mutations

You are resistant to torment.
Your stone body is resilient (AC +2).
You are immune to poison.
You resist negative energy.
You are resistant to electric shocks.
You can survive without breathing.
You are immune to petrification.
You are immune to rotting.


Message History

Aim: a worm (moderately wounded)
The blast of sand hits the worm.
The worm is moderately wounded.
Casting: Sandblast
Confirm with . or Enter, or press ? or * to list all spells.
Aiming: Sandblast
Press: ? - help, Shift-Dir - straight line, f/p - worm
Aim: a worm (moderately wounded)
The blast of sand hits the worm.
The worm is heavily wounded.
Found a fizzy black potion.
Casting: Sandblast
Confirm with . or Enter, or press ? or * to list all spells.
You don't know that spell.
An adder comes into view.
Found a stone staircase leading down.
You see here a fizzy black potion.
Found a bread ration.
The adder bites you.
You die...

#.# #.# #.# ### #.#...
################.#.#####
..........w.....!.......
################.#.#####
.... .........S......
###### ########@#.#####
...... .......>#.#
###### #######.# # # #.#
# #.# # #%# # #.# . ..#
##


You could see an adder.

Vanquished Creatures
  An ooze (D:1)
  A dart slug (D:2)
  A bat (D:1)
  A giant cockroach (D:1)
  A hobgoblin (D:1)
  A giant newt (D:1)
  2 kobolds (D:1)
  3 rats (D:1)
11 creatures vanquished.

Notes
Turn   | Place    | Note
--------------------------------------------------------------
     0 | D:1      | feel the Gargoyle Earth Elementalist began the quest for the Orb.
     0 | D:1      | Reached XP level 1. HP: 10/10 MP: 3/3
   787 | D:1      | Reached XP level 2. HP: 15/15 MP: 0/5
  1190 | D:2      | Reached skill level 4 in Earth Magic
  1245 | D:2      | Slain by an adder

Vault maps used:
D:1:      minmay_arrival_four_circles
D:2:      evilmike_ruin_ashenzari, ecumenical_altar_1, uniq_terence

Skill      XL: |  1  2 |
---------------+-------+-----
Earth Magic    | 4 |  4.0
Dodging        | |  1.6
Stealth        | |  2.1
Spellcasting   | |  2.5
Transmutations | |  0.7

Action                   || total
-------------------------++-------
Melee: Unarmed           ||     1
       Whip              ||     6
 Cast: Sandblast         ||    24
  Eat: Chunk             ||     1
Armor: Robe              ||     3
Dodge: Dodged            ||     6
